Zazza, neutral female human Tourist --------- ----- |..{....| #####################-^..-# |.......| #-------------- |.{.|# -+--.---- ----------- #|............| |...|# # ### |.d.....`.| #|...>........| |...|# # |dd........########|............| #....|# ### |.d.....#.| #|............| ###-----# # -|--------- ###-------.----|- # # ## ## # # # #[# # -----.--- # ### # # # |.......| # # ###### ###------ |.......+# # ### # # #-....| |>......|# # # -----.--# |...[| |.......|# # ### |<.....|# |....| ---------### # # |.)....|# |).[.| # -----.---- ### |.......# |....| ###|........| # -------- ------ #..........## ---------- Zazza the Sightseer Experience level: 4 Strength: 12 Dexterity: 12 Constitution: 12 Intelligence: 14 Wisdom: 13 Charisma: 14 Health: 0(30) Energy: 24(24) Def: 6 Gold: 867 Moves: 2047 Dungeon seed: O8pkahDd8T8SocWz Game ID: Zazza_1536657015 Your Inventory: Coins $ - 867 gold pieces Weapons a - 37 +2 darts (in quiver) o - a blessed +0 aklys u - a +0 orcish dagger C - 14 +0 darts N - a +0 dagger (weapon in hand) Armor e - an uncursed +0 Hawaiian shirt (being worn) y - an uncursed +0 orcish helm (being worn) z - an uncursed rustproof +0 chain mail (being worn) Comestibles c - 4 uncursed food rations d - an uncursed tripe ration g - an uncursed egg p - 2 uncursed lichen corpses r - an uncursed eucalyptus leaf M - 2 uncursed slime molds Scrolls k - 2 uncursed scrolls of magic mapping Spellbooks J - an uncursed spellbook of knock Wands t - a wand of create monster (0:9) F - a wand of locking (0:4) K - a wand of enlightenment (0:14) Tools l - an expensive camera (0:29) m - an uncursed credit card n - an uncursed tin opener s - an uncursed lock pick Gems q - an uncursed worthless piece of red glass Spells and supernatural/magical abilities: Name Level Category Fail Memory W - pray for help -- divine ? -- Your skills at the end: Fighting Skills Weapon Skills dart [Basic] Spellcasting Skills Final Attributes: You were devoutly aligned. You were invisible. You are dead. Vanquished creatures: a large mimic a small mimic an acid blob a gas spore a hobbit a hobgoblin a brown mold 2 gnome zombies 10 jackals 3 foxes a kobold 3 goblins 7 grid bugs 2 lichens 2 kobold zombies 3 newts 40 creatures vanquished. Voluntary challenges: You were an atheist. You used a wielded weapon 31 times, starting on turn 1278. You read items or engraved 7 times, starting on turn 257. You never genocided any monsters. You never polymorphed an object. You never changed form. You used no wishes. You never split a pudding. You never wrote Elbereth's name. You never violated your personal moral code. Dungeon overview: The Dungeons of Doom: levels 1 to 3 Level 1 a fountain a long staircase Level 2 an armor shop, a fountain Level 3 <- You were here a general store, some fountains, a sink a long staircase History has recorded: On T:1 you entered the Dungeons of Doom to retrieve the Amulet of Yendor! On T:533 you reached level 2 of The Dungeons of Doom. On T:987 you reached level 3 of The Dungeons of Doom. On T:1472 you advanced to experience level 2. On T:1635 you advanced to experience level 3. On T:1975 you advanced to experience level 4. Score breakdown: Gold: 336 ( 8598 points) Experience: 4 levels ( 9649 points) Exploration: 3 levels ( 5.88%) ( 6000 points) Discoveries: 7 items ( 2.35%) ( 4597 points) Valuables value: (no points given unless you survive) Artifact value: 0 ( 0 points) Variety of kills: 16 monsters ( 4.20%) ( 6147 points) Turncount: 2047 turns ( -35 points) Survival: died (score multiplied by 80%) Total score: 27964 Latest messages: The jackal just misses! The jackal misses. The jackal bites! You have a little trouble lifting O - a ruby potion. Gee! All of a sudden, you can't see yourself. The jackal misses. (2x) You miss it. The jackal misses. You miss it. The jackal bites! You miss it. The jackal bites! (2x) You miss it. The jackal bites! (4x) The jackal misses. You hear some noises in the distance. The jackal bites! (3x) The jackal misses. The door resists! The jackal misses. (2x) The door opens. The jackal misses. The jackal bites! You die... Final status: Aloha Zazza the Tourist, killed by a jackal... You died in The Dungeons of Doom on dungeon level 3 with 27964 points, and 867 pieces of gold, after 2047 moves. You were level 4 with a maximum of 30 hit points when you died.